 Dungeon Crawl Stone Soup version 0.30-a0-632-g346586fe48 (webtiles) character file.

Game seed: 1550211950716339852

1019 Dirtsage the Changer (level 8, 0/57 HPs)
             Began as an Octopode Transmuter on Jan 14, 2023.
             Was an Initiate of Gozag.
             Slain by a gnoll sergeant
             ... wielding a +1 spear of flaming
              (3 damage)
             ... on level 6 of the Dungeon.
             The game lasted 00:11:08 (5584 turns).

Dirtsage the Changer (Octopode Transmuter)          Turns: 5584, Time: 00:11:09

Health: 0/57       AC:  7    Str:  9    XL:     8   Next: 22%
Magic:  7/11       EV: 10    Int: 18    God:    Gozag
Gold:   301        SH:  0    Dex: 12    Spells: 4/11 levels left

rFire   x . .      SeeInvis .      - Unarmed
rCold   + + +      Faith    .    (shield currently unavailable)
rNeg    . . .      Spirit   .    (helmet currently unavailable)
rPois   +          Reflect  .    (no amulet)
rElec   .          Harm     .    W - ring of wizardry
rCorr   .          Rampage  .    (no ring)
Will    .....                    (no ring)
Stlth   +                        (no ring)
HPRegen 0.29/turn                (no ring)
MPRegen 0.12/turn                (no ring)
                                 (no ring)
                                 (no ring)

@: lethally poisoned (0 -> -1), ice-form, wereblooded
A: freezing attack, boosted hp, almost no armour, amphibious, 8 rings, large,
(camouflage 1), (gelatinous body 1), (nimble swimmer 1), (tentacles)
a: End Transformation, Renounce Religion, Potion Petition, Call Merchant, Bribe
Branch


You were on level 6 of the Dungeon.
You worshipped Gozag.
Gozag was aware of your devotion.
You were a creature of crystalline ice.
You visited 2 branches of the dungeon, and saw 7 of its levels.

You collected 347 gold pieces.
You paid 46 gold pieces to Gozag.

Inventory:

Jewellery
 W - a ring of wizardry (left front paw)
Wands
 p - a wand of polymorph (8)
Scrolls
 c - a scroll of teleportation {unknown}
 f - a scroll of immolation
 h - 3 scrolls of magic mapping {unknown}
 j - a scroll of torment
 k - 2 scrolls of blinking {unknown}
 l - a scroll of butterflies
 n - a scroll of noise
 o - 2 scrolls of vulnerability {unknown}
 q - a scroll of brand weapon {unknown}
 r - a scroll of poison {unknown}
 t - a scroll of enchant armour
Potions
 a - 5 potions of lignification
 b - a potion of mutation {unknown}
 d - a potion of degeneration {unknown}
 e - 5 potions of curing {unknown}
 g - 2 potions of haste {unknown}
 m - 2 potions of magic
 s - a potion of attraction {unknown}
 u - a potion of heal wounds {unknown}


   Skills:
 + Level 1.3 Fighting
 + Level 2.2 Dodging
 * Level 3.3 Unarmed Combat
 - Level 2.0 Spellcasting
 * Level 6.6 Transmutations
 * Level 6.2 Ice Magic


You had 4 spell levels left.
You knew the following spells:

 Your Spells              Type           Power      Damage    Failure   Level
a - Ice Form              Ice/Tmut       24%        N/A       5%          4
b - Wereblood             Tmut           25%        N/A       1%          2
c - Beastly Appendage     Tmut           50%        N/A       1%          1

Your spell library contained the following spells:

 Spells                   Type           Power      Damage    Failure   Level
 Spider Form              Tmut/Pois      13%        N/A       6%          3
 Summon Small Mammal      Summ           4%         N/A       8%          1
 Call Canine Familiar     Summ           1%         N/A       21%         3
 Summon Guardian Golem    Hex/Summ       1%         N/A       21%         3


Dungeon Overview and Level Annotations

Branches:
Dungeon (6/15)             Temple (1/1) D:4

Altars:
Ashenzari
Cheibriados
Elyvilon
Fedhas
Gozag
Hepliaklqana
Makhleb
Nemelex Xobeh
Okawaru
Qazlal
Ru
Sif Muna
Trog
Uskayaw
Wu Jian
Xom
Yredelemnul
Zin
The Shining One


Innate Abilities, Weirdness & Mutations

You are a creature of crystalline ice.
You have a powerful freezing melee attack.
Your maximum health is increased.
Your armour is entirely melded.
You are incapable of wielding weapons or throwing items.
You cannot wear most types of armour.
You are amphibious.
You can wear up to eight rings at the same time.
((Your skin changes colour to match your surroundings (Stealth+).))
((Your rubbery body absorbs attacks. (AC +1, EV +1)))
((You are camouflaged when in or above water. (Stealth+)))
((You have tentacles for arms and can constrict up to eight enemies at once.))


Message History

The scorpion stings you but does no damage.
You take 2 damage, and have 47/57 hp.
You completely miss the scorpion.
The scorpion is heavily wounded.
You feel sick.
The gnoll sergeant hits you from afar with a +1 spear of flaming!
The gnoll sergeant melts you! The scorpion barely misses you.
You take 19 damage, and have 28/57 hp.
MASSIVE DAMAGE!!
You punch the scorpion! You freeze the scorpion.
You feel a bit better.
You kill the scorpion!
You howl as the wereblood boils in your veins!
You feel sick.
The gnoll sergeant hits you from afar with a +1 spear of flaming.
The gnoll sergeant melts you.
You howl as the wereblood boils in your veins!
You feel sick.
The gnoll hits you from afar with a +0 spear.
The gnoll sergeant hits you with a +1 spear of flaming.
The gnoll sergeant melts you.
Things that are here:
10 gold pieces; a +0 whip You take 5 damage, and have 24/57 hp.
You hit the gnoll sergeant. You freeze the gnoll sergeant.
The gnoll sergeant is lightly wounded.
You feel sick.
The gnoll sergeant hits you with a +1 spear of flaming!
* * * LOW HITPOINT WARNING * * *
The gnoll sergeant melts you.
* * * LOW HITPOINT WARNING * * *
The gnoll hits you from afar with a +0 spear.
* * * LOW HITPOINT WARNING * * *
You take 17 damage, and have 7/57 hp.
MASSIVE DAMAGE!!
You hit the gnoll sergeant. You freeze the gnoll sergeant.
The gnoll sergeant is moderately wounded.
You feel sick. The gnoll hits you but does no damage.
The gnoll sergeant hits you with a +1 spear of flaming.
* * * LOW HITPOINT WARNING * * *
The gnoll sergeant melts you.
You die...
Your body crumbles into a pile of gold.

#.# .# #.# )# ###.#
.## #.... ..# #.#.#
.. #.#<# .#
#.#.####.#####.
#....Yggg.....>
#.#####.#)####g......
#.......#)###...#....
######.#).......g....
#.###.###...#g. .
##.#.## .##.... #..##
.. ... #.## ## .. #.#


You could see a gnoll sergeant and 3 gnolls.

Vanquished Creatures
  A wyvern (D:5)
  Sigmund (D:2)
  A water moccasin (D:5)
  A black bear (D:5)
  A scorpion (D:6)
  A necrophage (D:5)
  A howler monkey (D:5)
  A hound (D:5)
  A jelly (D:4)
  4 iguanas (D:5)
  An orc wizard (D:5)
  Robin (D:2)
  5 gnolls
  3 adders
  A white imp (D:3)
  2 worms (D:3)
  10 orcs
  7 endoplasms
  2 giant cockroaches
  16 goblins
  4 hobgoblins
  7 jackals
  4 quokkas
  2 ball pythons (D:2)
  2 bats
  5 frilled lizards
  5 kobolds
  5 rats
95 creatures vanquished.

Notes
Turn   | Place    | Note
-------+----------+-------------------------------------------
     0 | D:1      | Dirtsage the Octopode Transmuter began the quest for the
                  | Orb.
     0 | D:1      | Reached XP level 1. HP: 13/13 MP: 3/3
   273 | D:1      | Reached skill level 1 in Ice Magic
   273 | D:1      | Reached XP level 2. HP: 12/18 MP: 5/5
   909 | D:1      | Found a faded altar of an unknown god.
  1130 | D:2      | Reached XP level 3. HP: 23/23 MP: 6/6
  1137 | D:2      | Learned a level 2 spell: Wereblood
  1149 | D:2      | Noticed Robin
  1173 | D:2      | Killed Robin
  1297 | D:2      | Reached XP level 4. HP: 24/28 MP: 3/7
  1309 | D:2      | Learned a level 4 spell: Ice Form
  1533 | D:2      | Noticed Sigmund
  1552 | D:2      | Killed Sigmund
  1553 | D:2      | Reached XP level 5. HP: 25/33 MP: 8/8
  1901 | D:3      | Reached XP level 6. HP: 38/38 MP: 9/9
  2618 | D:3      | Identified the +1 robe of Circular Logic {Harm Str-3 Int+5
                  | Stlth+}
  3175 | D:4      | Found a staircase to the Ecumenical Temple.
  3181 | Temple   | Entered the Ecumenical Temple
  3310 | Temple   | Became a worshipper of Gozag Ym Sagoz the Greedy
  4179 | D:5      | Entered Level 5 of the Dungeon
  4179 | D:5      | Found a hazy altar of Hepliaklqana.
  4292 | D:5      | Noticed a water moccasin
  4306 | D:5      | Killed a water moccasin
  4307 | D:5      | Reached skill level 5 in Transmutations
  4307 | D:5      | Reached XP level 7. HP: 25/43 MP: 6/10
  4510 | D:5      | Reached skill level 5 in Ice Magic
  4812 | D:5      | Noticed a wyvern
  4817 | D:5      | Killed a wyvern
  5014 | D:5      | Reached XP level 8. HP: 43/48 MP: 6/11
  5069 | D:5      | Found a broken altar of Ashenzari.
  5584 | D:6      | Slain by a gnoll sergeant

Illustrated notes

Levels and vault maps discovered:
D:1:      eino_arrival_druids_welcome, layout_basic,
          hellmonk_ecumenical_altar_leap_of_faith, grunt_decor_one_mirror,
          minmay_box_of_dots
D:2:      layout_loops_cross, uniq_sigmund, uniq_robin
D:3:      layout_loops_cross, serial_bayou_pond_d
D:4:      mumra_celtic_spiral_tile, layout_basic, minmay_temple_entry_ruins
D:5:      layout_loops_cross, mainiacjoe_overflow_brackets,
          lemuel_crystal_altar, nicolae_concentric_dashed_squares_mild,
          nicolae_zen_rock_garden, uniq_crazy_yiuf_cottage
D:6:      layout_loops_ring, portal_sewer_entry_e, minmay_shop_mass, uniq_pikel,
          uniq_duvessa, uniq_maggie
Temple:   minmay_crystal_spiral_temple

Skill      XL: |  1  2  3  4  5  6  7 |
---------------+----------------------+-----
Ice Magic      | 1 2 3 4 6 |  6.2
Transmutations | 3 4 5 6 |  6.6
Fighting       | |  1.3
Dodging        | |  2.2
Unarmed Combat | |  3.3
Spellcasting   | |  2.0

Action                   |  1- 3 |  4- 6 |  7- 9 || total
-------------------------+-------+-------+-------++-------
Melee: Unarmed           |    66 |    90 |    76 ||   232
       Constrict         |    19 |    20 |     1 ||    40
       Kick              |     8 |    13 |       ||    21
       Tentacles         |    12 |    14 |     3 ||    29
 Cast: Beastly Appendage |     5 |     5 |       ||    10
       Wereblood         |     3 |     2 |     3 ||     8
       Ice Form          |       |     9 |    10 ||    19
  Use: Scroll            |       |       |     6 ||     6
 Stab: Sleeping          |     1 |     8 |       ||     9
       Distracted        |       |       |     1 ||     1
Armor: Skin              |     3 |    11 |    19 ||    33
Dodge: Dodged            |    32 |    40 |    29 ||   101

Table legend: (Time is in decaauts)
 A = Elapsed time spent in this place.
 B = Non-inter-level travel time spent in this place.
 C = Inter-level travel time spent in this place.
 D = Time resting spent in this place.
 E = Time spent auto-exploring this place.
 F = Levels seen in this place.
 G = Mean time per level.
                   A        B        C        D        E       F      G
               +--------+--------+--------+--------+--------+-----+--------+
         Total |   5569 |   5335 |    234 |      6 |   4633 |   7 |  795.6 |
       Dungeon |   5354 |   5204 |    150 |      6 |   4521 |   6 |  892.3 |
        Temple |    214 |    130 |     84 |      0 |    112 |   1 |  214.0 |
               +--------+--------+--------+--------+--------+-----+--------+

Top non-repeatable levels by time:
     D:5: 1307 daAuts
     D:4: 1272 daAuts
     D:1: 1061 daAuts
     D:3: 873 daAuts
     D:2: 748 daAuts
  Temple: 214 daAuts
     D:6: 91 daAuts
